 Dungeon Crawl Stone Soup version 0.29.1-12-g30fa7ad0bf (webtiles) character file.

Game seed: 284694558478259004

189 Jushak the Trooper (level 5, -1/49 HPs)
             Began as a Draconian Conjurer on Jan 10, 2023.
             Slain by Duvessa
             ... wielding a +0 rapier
              (11 damage)
             ... on level 4 of the Dungeon.
             The game lasted 00:18:19 (4688 turns).

Jushak the Trooper (Draconian Conjurer)             Turns: 4688, Time: 00:18:20

Health: -1/49      AC: 10    Str: 10    XL:     5   Next: 40%
Magic:  8/8        EV: 12    Int: 20    God:
Gold:   195        SH:  0    Dex:  9    Spells: 7/8 levels left

rFire   + . .      SeeInvis .   c - staff of conjuration
rCold   . . .      Faith    .   (no shield)
rNeg    . . .      Spirit   .   (body armour unavailable)
rPois   .          Reflect  .   (helmet restricted)
rElec   .          Harm     .   (no cloak)
rCorr   .          Rampage  .   l - +2 pair of gloves
Will    .....                   p - +1 pair of boots
Stlth   ++........              (no amulet)
HPRegen 0.16/turn               n - ring of willpower
MPRegen 0.11/turn               f - ring of protection from fire

@: about to teleport, weak-willed
A: AC +5, unfitting armour, cold-blooded
a: no special abilities


You were on level 4 of the Dungeon.
You visited 1 branch of the dungeon, and saw 4 of its levels.

You collected 195 gold pieces.

Inventory:

Hand Weapons
 b - a +0 vorpal dagger
 k - a +0 dagger of draining
Armour
 l - a +2 pair of gloves (worn)
 p - a +1 pair of boots (worn)
Magical Staves
 c - a staff of conjuration (weapon)
Jewellery
 f - a ring of protection from fire (right hand)
 n - a ring of willpower (left hand)
 v - a +4 ring of slaying
Scrolls
 h - a scroll of magic mapping
 m - a scroll of noise
Potions
 a - a potion of magic
 g - 2 potions of brilliance
 o - a potion of curing {unknown}
 r - 2 potions of lignification {unknown}


   Skills:
 + Level 5.6 Fighting
 - Level 1.7 Dodging
 - Level 1.7 Stealth
 + Level 2.1 Spellcasting
 - Level 4.0 Conjurations
 + Level 0.4 Evocations


You had 7 spell levels left.
You knew the following spells:

 Your Spells              Type           Power      Damage    Failure   Level
a - Magic Dart            Conj           100%       1d8       3%          1

Your spell library contained the following spells:

 Spells                   Type           Power      Damage    Failure   Level
 Searing Ray              Conj           54%        2d6       4%          2
 Foxfire                  Conj/Fire      60%        2x1d7     7%          1
 Conjure Flame            Conj/Fire      15%        6-21      21%         3
 Dazzling Flash           Conj/Hex       30%        N/A       21%         3
 Poisonous Vapours        Pois/Air       4%         N/A       24%         2
 Mephitic Cloud           Conj/Pois/Air  11%        N/A       26%         3
 Ignite Poison            Fire/Tmut/Pois 2%         N/A       43%         3
 Inner Flame              Hex/Fire       2%         N/A       43%         3
 Flame Wave               Conj/Fire      15%        2d7       56%         4
 Fulminant Prism          Conj/Hex       7%         3d7       56%         4
 Hailstorm                Conj/Ice       15%        3d5       56%         4
 Iskenderun's Mystic Bla  Conj/Tloc      15%        2d5       56%         4
 Corpse Rot               Necr/Pois/Air  2%         N/A       83%         4
 Ice Form                 Ice/Tmut       2%         N/A       83%         4
 Olgreb's Toxic Radiance  Pois           2%         N/A       83%         4
 Simulacrum               Ice/Necr       1%         N/A       100%        6


Dungeon Overview and Level Annotations

Branches:
Dungeon (4/15)             Temple (0/1) D:4

Altars:
Nemelex Xobeh
Okawaru

Annotations:
D:4 Dowan, Duvessa, Edmund


Innate Abilities, Weirdness & Mutations

Your plain brown scales are hard. (AC +5)
You cannot fit into any form of body armour.
You are cold-blooded and may be slowed by cold attacks.


Message History

Duvessa hits you with a +0 rapier.
As you read the scroll labelled ASUL ATSEYTO, it crumbles to dust.
It is a scroll of identify.
g - 2 potions of brilliance Dowan whispers, "It won't be long now."
Duvessa hits you with a +0 rapier.
This is a scroll of acquirement!
You see here Debad's Vellum of the Scorched Spider.
Something appears at your feet! Duvessa hits you with a +0 rapier.
You pick up Debad's Vellum of the Scorched Spider and begin reading...
You add the spells Foxfire, Mephitic Cloud, Conjure Flame, Ignite Poison, Inner Flame, Flame Wave and Olgreb's Toxic Radiance to your library.
Duvessa hits you with a +0 rapier.
Okay, then.
As you read the scroll labelled LORRAA ILYSK, it crumbles to dust.
It is a scroll of brand weapon.
Your +0 dagger emits a brilliant flash of light!
b - a +0 vorpal dagger Duvessa hits you with a +0 rapier!
As you read the scroll labelled FED QOARIUDU, it crumbles to dust.
The creatures around you are filled with an inner flame!
It was a scroll of immolation.
Duvessa closely misses you.
As you read the scroll labelled TETHRI PI NEXE, it crumbles to dust.
Magic quickly surges around you.
It was a scroll of vulnerability.
Dowan casts a spell at Duvessa.
Duvessa seems to speed up.
Duvessa hits you with a +0 rapier.
As you read the scroll labelled RUGGIY NIECUR, it crumbles to dust.
It is a scroll of amnesia.
Really abort (and waste the scroll)? [Y]es or [N]o only, please.
Really abort (and waste the scroll)?
Okay, then.
Duvessa closely misses you.
As you read the scroll labelled FONLIATEPH, it crumbles to dust.
You feel strangely unstable.
It was a scroll of teleportation.
Duvessa barely misses you. x2
Dowan casts a spell.
Dowan blinks!
Duvessa hits you with a +0 rapier.
* * * LOW HITPOINT WARNING * * *
Duvessa attacks as you move away! Duvessa hits you with a +0 rapier!
You die...

#.# *,,,*,,,* ###.#####
*,⌠,,,⌠,, #.......#
*,,,*,,,* #.#.###.#
*##*,***,** #.#.##..#
*#.#,,,*,,,*
#.#.#...####..#,⌠,*,⌠,*
#.#......§.'..#,,,*,,,*
#.###..e####..#*****,**
#.###.@.# *#....,,,,*
#.......# *#.....***
#####.#########...#*
#.# #....##+## #.#
#.##.##.# #.# #.##.##.#
#.####.##.##.######
#.).......#........
######.#.......###.


You could see Duvessa (fast, inner flame, weak-willed).

Vanquished Creatures
  An iguana (D:4)
  Natasha (D:4)
  6 adders
  2 worms (D:3)
  5 dart slugs
  3 orcs
  6 endoplasms
  2 giant cockroaches
  7 hobgoblins
  6 jackals
  A quokka (D:2)
  4 ball pythons
  7 bats
  A frilled lizard (D:1)
  8 goblins
  5 kobolds
  3 rats
68 creatures vanquished.

Vanquished Creatures (others)
  2 fungi (D:3)
2 creatures vanquished.

Grand Total: 70 creatures vanquished

Notes
Turn   | Place    | Note
-------+----------+-------------------------------------------
     0 | D:1      | Jushak the Draconian Conjurer began the quest for the Orb.
     0 | D:1      | Reached XP level 1. HP: 14/14 MP: 3/3
     0 | D:1      | Noticed an iron dragon
     1 | D:1      | Noticed a large abomination
     3 | D:1      | Noticed a green draconian
     6 | D:1      | Noticed a tentacled monstrosity
     7 | D:1      | Noticed an iron dragon
     8 | D:1      | Noticed a green draconian
    10 | D:1      | Noticed an orb of fire
    12 | D:1      | Noticed an iron dragon
    13 | D:1      | Noticed a black draconian
    14 | D:1      | Noticed a large abomination
    16 | D:1      | Noticed an ice dragon
    16 | D:1      | Noticed a tentacled monstrosity
    18 | D:1      | Noticed an iron dragon
   180 | D:1      | Reached skill level 1 in Fighting
   399 | D:1      | Identified the +1 robe of Weightlessness {rCorr Str+2
                  | Int-2}
   449 | D:1      | Reached XP level 2. HP: 24/24 MP: 3/5
   551 | D:1      | Reached skill level 2 in Fighting
   849 | D:1      | Found a faded altar of an unknown god.
  1484 | D:2      | Reached skill level 3 in Fighting
  1484 | D:2      | Reached XP level 3. HP: 28/31 MP: 3/6
  2065 | D:2      | Found an iron altar of Okawaru.
  2451 | D:2      | You fall into a shaft and drop 1 floor!
  2759 | D:3      | Reached skill level 4 in Fighting
  2779 | D:3      | Reached XP level 4. HP: 40/40 MP: 3/7
  2909 | D:3      | Found a sparkling altar of Nemelex Xobeh.
  3806 | D:4      | Reached skill level 5 in Fighting
  3806 | D:4      | Reached XP level 5. HP: 48/48 MP: 0/8
  3984 | D:4      | Noticed Natasha
  3993 | D:4      | Killed Natasha
  4624 | D:4      | Noticed Edmund
  4670 | D:4      | Noticed Duvessa
  4670 | D:4      | Noticed Dowan
  4679 | D:4      | Identified a scroll of acquirement
  4679 | D:4      | Acquired Debad's Vellum of the Scorched Spider
  4688 | D:4      | Slain by Duvessa

Illustrated notes

Levels and vault maps discovered:
D:1:      shiori_arrival_whats_in_store_for_you, layout_loops_corners,
          chequers_ecumenical_altar_twisty, minivault_5,
          hangedman_abyss_or_decor_stabs, nrook_loot_triangle
D:2:      layout_loops_ring, basic_altar, chequers_serial_rivers_marsh,
          grunt_ministairs_3
D:3:      layout_loops_ring, mainiacjoe_overflow_chevrons,
          minmay_misc_feat_cross
D:4:      layout_loops_corners, minmay_temple_entry_nine_rooms, uniq_edmund,
          uniq_natasha, uniq_duvessa

Skill      XL: |  1  2  3  4 |
---------------+-------------+-----
Fighting       | 1 3 4 5 |  5.6
Dodging        | |  1.7
Stealth        | |  1.7
Spellcasting   | |  2.1
Conjurations   | |  4.0
Evocations     | |  0.4

Action                   |  1- 3 |  4- 6 || total
-------------------------+-------+-------++-------
Melee: Dagger            |     7 |       ||     7
       Staff             |     9 |     6 ||    15
       Tailslap          |     1 |     2 ||     3
 Cast: Magic Dart        |    87 |    65 ||   152
  Use: Scroll            |       |    10 ||    10
Armor: Skin              |    11 |     6 ||    17
Dodge: Dodged            |    22 |    14 ||    36
